 Dungeon Crawl Stone Soup version 0.27-a0-1105-g946c659c87 (webtiles) character file.

Game seed: 17926543816581072791

206797 dickylongcocking the Warrior (level 18, -1/142 HPs)
             Began as a Djinni Ice Elementalist on Apr 30, 2021.
             Was an Initiate of Gozag.
             Slain by a naga warrior
             ... wielding a +0 war axe
              (4 damage)
             ... on level 2 of the Snake Pit.
             The game lasted 01:13:30 (55015 turns).

dickylongcocking the Warrior (DjIE)                Turns: 55015, Time: 01:13:32

Health: -1/142     AC: 17    Str:  7    XL:     18   Next: 73%
Gold:   8156       EV: 16    Int: 26    God:    Gozag SH: 13 Dex: 15

rFire    + + +     SeeInvis .   T - +9 eveningstar (drain)
rCold    + + .     Faith    .   a - +2 shield of Resistance {rF++ rC++ Will++}
rNeg     + . .     Spirit   .   O - +0 acid dragon scales
rPois    ∞         Reflect  .   V - +2 helmet
rElec    +         Harm     .   U - +2 cloak {Will+}
rCorr    +         Rampage  .   g - +2 pair of gloves
Will     ++++.                  (boots unavailable)
Stlth    ++........             M - amulet of the Air {Inacc Fly rElec EV+5 RMsl}
HPRegen  0.33/turn              Q - ring of Yrohy {Int+2 Slay+4}
MPRegen  0.00/turn              C - ring of the Good {Ice rN+}

@: gold aura, flying, constricted, studying Polearms, repel missiles
A: fire resistance 2, cold vulnerability 1, float, innate caster, hp casting,
extra vitality 1
}: 1/15 runes: decaying
a: Renounce Religion, Potion Petition, Call Merchant, Bribe Branch


You were on level 2 of the Snake Pit.
You worshipped Gozag.
Gozag was greatly pleased with you.
You visited 6 branches of the dungeon, and saw 30 of its levels.
You visited 1 bazaar.
You also visited: Ice Cave.

You collected 12394 gold pieces.
You spent 3003 gold pieces at shops.
You paid 1235 gold pieces to Gozag.

Inventory:

Hand Weapons
 T - a +9 eveningstar of draining (weapon)
Armour
 a - the +2 shield of Resistance (worn) {rF++ rC++ Will++}
   (You found it on level 14 of the Dungeon)

   It greatly protects you from fire.
   It greatly protects you from cold.
   It greatly increases your willpower.
 b - a scarf of shadows
 g - a +2 pair of gloves (worn)
 G - a scarf of resistance
 O - +0 acid dragon scales (worn)
 U - a +2 cloak of willpower (worn)
 V - a +2 helmet (worn)
Magical Staves
 q - a staff of death
 w - a staff of earth
 x - a staff of conjuration
Jewellery
 d - the ring of the Mage {Wiz Will++ Int+3}
   (You bought it in a shop on level 2 of the Orcish Mines)

   [ring of wizardry]

   It improves your spell success rate.
   It affects your intelligence (+3).
   It greatly increases your willpower.
 e - a ring of protection from cold
 i - a ring of protection from fire
 n - an amulet of regeneration
 r - a +6 ring of intelligence
 v - a ring of protection from cold
 C - the ring of the Good (right hand) {Ice rN+}
   (You bought it in a shop in a bazaar)

   [ring of ice]

   It enhances your ice magic.
   It makes you vulnerable to fire.
   It protects you from cold.
   It protects you from negative energy.
 D - a +6 ring of dexterity
 E - a ring of see invisible
 J - a +6 ring of dexterity
 L - a +4 ring of protection
 M - the amulet of the Air (around neck) {Inacc Fly rElec EV+5 RMsl}
   (You found it on level 8 of the Dungeon)

   [amulet of nothing]

   It affects your evasion (+5).
   It insulates you from electricity.
   It grants you flight.
   It protects you from missiles.
 Q - the ring of Yrohy (left hand) {Int+2 Slay+4}
   (You acquired it on level 2 of the Orcish Mines)

   [ring of slaying]

   It affects your intelligence (+2).
   It affects your accuracy and damage with ranged weapons and melee attacks
   (+4).
 W - an amulet of reflection
Wands
 j - a wand of paralysis (23)
 m - a wand of flame (95)
 t - a wand of mindburst (10)
 z - a wand of acid (25)
 A - a wand of iceblast (18)
 S - a wand of charming (10)
 Z - a wand of digging (20)
Scrolls
 c - 4 scrolls of enchant armour
 k - 3 scrolls of fog
 l - 5 scrolls of silence
 p - 8 scrolls of teleportation
 s - 2 scrolls of magic mapping
 y - a scroll of enchant weapon
 B - a scroll of fear
 I - a scroll of holy word
 K - a scroll of brand weapon
 N - 9 scrolls of identify
 R - 3 scrolls of immolation
Potions
 f - 2 potions of brilliance
 o - a potion of haste
 u - 3 potions of might
 P - 2 potions of invisibility
 X - 6 potions of ambrosia
 Y - 4 potions of curing
Miscellaneous
 h - a piece from Xom's chessboard (15/15)
 F - a phantom mirror


   Skills:
 + Level 17.1 Fighting
 * Level 11.3 Maces & Flails
 - Level 5.0 Armour
 * Level 9.7 Dodging
 - Level 1.5 Stealth
 * Level 12.4 Shields
 * Level 16.0 Spellcasting
 - Level 2.0 Evocations


You had one spell level left.
You knew the following spells:

 Your Spells              Type           Power      Damage    Failure   Level
a - Freeze                Ice            100%       1d11      0%          1
b - Pain                  Necr           100%       1d9       0%          1
c - Ozocubu's Armour      Ice            100%       N/A       1%          3
d - Hailstorm             Conj/Ice       100%       3d20      1%          4
e - Metabolic Englaciati  Hex/Ice        51%        N/A       1%          5
f - Frozen Ramparts       Ice            100%       1d12      1%          3
g - Poisonous Vapours     Pois/Air       100%       N/A       0%          2
h - Mephitic Cloud        Conj/Pois/Air  81%        N/A       1%          3
i - Cause Fear            Hex            40%        N/A       1%          4
j - Leda's Liquefaction   Hex/Erth       40%        N/A       1%          4
k - Alistair's Intoxicat  Tmut/Pois      54%        N/A       1%          5
l - Starburst             Conj/Fire      40%        8x6d12    1%          6
m - Malign Gateway        Summ/Tloc      40%        N/A       7%          7
Your spell library was empty.

Dungeon Overview and Level Annotations

Branches:
Dungeon (15/15)            Temple (1/1) D:7            Lair (6/6) D:10
  Swamp (4/4) Lair:3        Snake (2/4) Lair:3        Slime (0/5) Lair:6
    Orc (2/2) D:11            Elf (0/3) Orc:2        Vaults (0/5) D:13
 Depths (0/5) D:15          IceCv (visited)

Altars:
Ashenzari
Cheibriados
Dithmenos
Elyvilon
Fedhas
Gozag
Hepliaklqana
Kikubaaqudgha
Makhleb
Nemelex Xobeh
Okawaru
Qazlal
Ru
Sif Muna
Trog
Uskayaw
Vehumet
Wu Jian
Xom
Yredelemnul
Zin
The Shining One
Jiyva

Shops:
D:4 =   D:11 (   D:15 *   Orc:2 :=(*   Snake:2 [

Annotations:
D:14 1 runed translucent door


Innate Abilities, Weirdness & Mutations

You are immune to poison.
Your flesh is very heat resistant. (rF++)
You are vulnerable to cold. (rC-)
You float through the air rather than walking.
You learn spells naturally, not from books.
Your magical power is your life essence.
You have superior vitality. (+4 HP)


Message History

The naga warrior spits poison at you.
The splash of poison hits you but does no damage.
You resist.
You impale the guardian serpent!!
You kill the guardian serpent!
The naga warrior hits you from afar with a +0 halberd!!
* * * LOW HITPOINT WARNING * * *
You block the naga warrior's attack. The naga warrior grabs you.
The naga warrior constricts you.
Unknown command.
Unknown command.
You feel much better. The naga warrior spits poison at you.
The splash of poison hits you but does no damage.
You resist. The naga warrior closely misses you.
The naga warrior constricts you.
Unknown command.
Casting: Hailstorm (safe; 1% risk of failure)
Confirm with . or Enter, or press ? or * to list all spells.
Okay, then.
Casting: Hailstorm (safe; 1% risk of failure)
Confirm with . or Enter, or press ? or * to list all spells.
The dungeon shakes, a horrible noise fills the air, and a portal to some otherworldly place is opened!
* * * LOW HITPOINT WARNING * * *
You block the naga warrior's attack.
The naga warrior hits you with a +0 war axe!!
* * * LOW HITPOINT WARNING * * *
The naga warrior constricts you.
Unknown command.
Unknown command.
Okay, then.
As you read the scroll of fear, it crumbles to dust.
You assume a fearsome visage.
The naga warrior resists with almost no effort.
The naga warrior easily resists.
The naga warrior hits you from afar with a +0 halberd!
* * * LOW HITPOINT WARNING * * *
You block the naga warrior's attack.
You die...
Your body crumbles into a pile of gold.

.##......(......## ##..##
.............^..# ###....##..
..###..####.....###..........
.## #..# ###...#......##.....
. #..# ##......#### #.... .
#..# ##....## #... . #..#
#...## ... . ...# ##..## ## .
#..@# . ......N$.# #
.......$N.. # .....$.......
..........#### §§......###
.w.....## §.§...#


You could see 2 naga warriors and a friendly eldritch tentacle.

Vanquished Creatures
  Nikola (Swamp:3)
  Jorgrun (Swamp:2)
  Rupert (Lair:4)
  A sphinx (D:13)
  Frances (D:14)
  A tengu reaver (D:13)
  Kirke (Lair:4)
  A frost giant (IceCv)
  Louise (Snake:1)
  5 bunyips
  The ghost of karkarkar the Fighter, a journeyman OgBe of Trog (D:8)
  Snorg (D:11)
  5 eleionomae
  2 ettins
  3 fire dragons
  A shambling mangrove (Swamp:4)
  32 hydras
  4 boulder beetles
  Harold (Lair:1)
  3 ice dragons
  A spriggan air mage (Swamp:3)
  2 ogre magi
  Erica (D:11)
  3 anacondas
  4 centaur warriors
  7 two-headed ogres
  2 death yaks (Lair:4)
  11 alligators
  Urug (Orc:2)
  A deep troll earth mage (D:13)
  2 orc high priests (Orc:2)
  4 naga sharpshooters
  Nergalle (D:11)
  Sonja (Lair:5)
  2 shock serpents
  11 spriggans
  4 spriggan druids
  A salamander mystic (Snake:2)
  6 skeletal warriors
  A fire crab (Lair:6)
  A deep troll (D:15)
  5 goliath frogs
  A naga ritualist (Snake:1)
  A death drake (Swamp:3)
  2 bog bodies (Swamp:1)
  A phantasmal warrior (D:13)
  A wizard (D:15)
  3 orc knights
  Pikel (D:7)
  12 swamp dragons
  A lindwurm (Lair:6)
  A harpy (shapeshifter) (D:13)
  A necromancer (D:15)
  3 mana vipers (Snake:1)
  3 deep elf pyromancers
  An oklob plant (Lair:4)
  5 orc sorcerers
  6 ugly things
  8 cyclopes
  3 will-o-the-wisps
  5 salamanders
  4 manticores
  8 elephants
  2 guardian serpents (Snake:2)
  12 cane toads
  4 naga magi
  Maggie (D:9)
  3 torpor snails
  A gargoyle (D:10)
  Maurice (D:11)
  11 black mambas
  A molten gargoyle (Lair:6)
  18 komodo dragons
  2 freezing wraiths
  2 rime drakes
  3 trolls
  A queen bee (D:12)
  3 bloated husks
  A hornet (shapeshifter) (D:13)
  21 polar bears
  6 meliai
  8 tyrant leeches
  14 hornets
  A raiju (shapeshifter) (D:13)
  14 blink frogs
  A meliai zombie (D:10)
  6 dream sheep (Lair:6)
  6 slime creatures
  3 shadows
  A water elemental (D:11)
  A redback (shapeshifter) (D:13)
  10 wyverns
  3 wraiths
  A vampire (D:10)
  6 hogs (Lair:4)
  54 yaks
  6 vampire mosquitoes
  A steam dragon (Lair:6)
  12 basilisks
  Menkaure (D:7)
  3 wargs
  20 nagas
  18 swamp worms
  An acid dragon (D:10)
  10 water moccasins
  10 swamp drakes
  5 hell hounds (Lair:6)
  27 orc warriors
  A black bear (Lair:3)
  25 wolves
  2 necrophages
  9 ogres
  A hornet zombie (D:8)
  13 centaurs
  4 lemures
  A kobold brigand (D:9)
  7 bullfrogs
  2 scorpions (D:6)
  A water moccasin skeleton (D:5)
  2 jellies
  34 killer bees
  18 wights
  6 howler monkeys
  3 centaur zombies
  5 lava snakes (Lair:6)
  A gnoll shaman (D:8)
  A bullfrog zombie (D:6)
  2 hounds
  Crazy Yiuf (D:5)
  A bullfrog skeleton (D:7)
  23 orc priests
  A centaur skeleton (D:6)
  31 orc wizards
  2 hell rats (D:10)
  2 howler monkey zombies
  8 gnolls
  8 adders
  A white imp (D:7)
  2 ufetubi
  A worm (D:3)
  68 orcs
  9 ball pythons
  4 endoplasms
  4 giant cockroaches
  6 goblins
  6 hobgoblins
  8 jackals
  6 quokkas
  6 bats
  4 frilled lizards
  10 kobolds
  7 rats
  2 butterflies
905 creatures vanquished.

Vanquished Creatures (collateral kills)
  the Lernaean hydra (Swamp:4)
  A deep elf annihilator (D:13)
  An eleionoma (Swamp:3)
  A tengu warrior (D:15)
  A goliath frog (Swamp:3)
  3 skeletal warriors (D:15)
  5 slime creatures (D:15)
  A basilisk (D:15)
  A swamp worm (Swamp:3)
  An ogre (D:15)
16 creatures vanquished.

Vanquished Creatures (others)
  5 eldritch tentacles
  A tyrant leech (Swamp:3)
  A swamp worm (Swamp:4)
  2 orcs
  14 foxfires
  37 fungi
  52 plants
112 creatures vanquished.

Grand Total: 1033 creatures vanquished

Notes
Turn   | Place    | Note
-------+----------+-------------------------------------------
     0 | D:1      | dickylongcocking the Djinni Ice Elementalist began the
                  | quest for the Orb.
     0 | D:1      | Reached XP level 1. HP: 15/15 MP: 0/0
   318 | D:1      | Reached XP level 2. HP: 2/21 MP: 0/0
  1816 | D:2      | Found a faded altar of an unknown god.
  1863 | D:2      | Reached XP level 3. HP: 25/26 MP: 0/0
  1863 | D:2      | Learned a level 1 spell: Pain
  1871 | D:2      | Reached skill level 1 in Fighting
  1913 | D:2      | HP: 1/27 [frozen (6)]
  2472 | D:2      | Reached XP level 4. HP: 27/33 MP: 0/0
  2799 | D:2      | Reached skill level 2 in Fighting
  3565 | D:3      | Reached XP level 5. HP: 3/39 MP: 0/0
  3565 | D:3      | Learned a level 2 spell: Poisonous Vapours
  4364 | D:3      | You are sucked into a shaft and drop 1 floor!
  4408 | D:4      | Reached skill level 3 in Fighting
  5246 | D:4      | Found Xuziuz's Jewellery Emporium.
  5263 | D:4      | Reached skill level 5 in Spellcasting
  5529 | D:4      | Reached XP level 6. HP: 10/46 MP: 0/0
  6026 | D:5      | Entered Level 5 of the Dungeon
  6472 | D:5      | Found a runed translucent door.
  6473 | D:5      | Noticed Crazy Yiuf
  6480 | D:5      | Killed Crazy Yiuf
  6560 | D:5      | Reached skill level 4 in Fighting
  7145 | D:6      | Reached XP level 7. HP: 34/53 MP: 0/0
  7145 | D:6      | Learned a level 3 spell: Mephitic Cloud
  7219 | D:6      | Found a sparkling altar of Nemelex Xobeh.
  7496 | D:6      | Reached skill level 5 in Fighting
  7607 | D:6      | Found a shimmering altar of Xom.
  7940 | D:7      | Noticed Menkaure
  7943 | D:7      | Killed Menkaure
  7952 | D:7      | Noticed Pikel
  7967 | D:6      | Reached XP level 8. HP: 8/61 MP: 0/0
  8272 | D:7      | Reached skill level 6 in Fighting
  8434 | D:7      | Noticed a troll
  8446 | D:7      | HP: 3/61 [troll (12)]
  8485 | D:6      | Killed a troll
  8606 | D:7      | Found a staircase to the Ecumenical Temple.
  8676 | Temple   | Entered the Ecumenical Temple
  8919 | Temple   | Became a worshipper of Gozag Ym Sagoz the Greedy
  8961 | D:7      | Reached skill level 7 in Fighting
  9110 | D:7      | Noticed a two-headed ogre
  9128 | D:7      | Killed a two-headed ogre
  9129 | D:7      | Reached skill level 8 in Fighting
  9129 | D:7      | Reached XP level 9. HP: 57/70 MP: 0/0
  9129 | D:7      | Learned a level 4 spell: Cause Fear
  9167 | D:7      | Killed Pikel
  9245 | D:7      | Reached skill level 9 in Fighting
  9721 | D:4      | Bought a ring of ice for 300 gold pieces
  9899 | D:8      | Found a runed translucent door.
  9904 | D:8      | Noticed karkarkar's ghost (journeyman OgBe)
 10035 | D:8      | Reached XP level 10. HP: 48/79 MP: 0/0
 10042 | D:8      | Reached skill level 10 in Fighting
 10184 | D:8      | Found the amulet of the Air {Inacc Fly rElec EV+5 RMsl}
 10427 | D:8      | Found a hide-covered altar of Uskayaw.
 10555 | D:8      | HP: 4/80 [wight/+5 dagger of freezing (3)]
 11232 | D:8      | Killed karkarkar's ghost
 11233 | D:8      | Reached skill level 10 in Spellcasting
 11661 | D:9      | Reached skill level 11 in Fighting
 12095 | D:9      | Noticed Maggie
 12101 | D:9      | Reached XP level 11. HP: 42/87 MP: 0/0
 12101 | D:9      | Learned a level 4 spell: Leda's Liquefaction
 12106 | D:9      | Killed Maggie
 12459 | D:10     | Entered Level 10 of the Dungeon
 12462 | D:10     | Identified the +9 mace "Xabuapt" {vorpal, rF+}
 12484 | D:10     | Noticed a death yak
 12485 | D:10     | Noticed a death yak
 12487 | D:10     | Found a staircase to the Lair.
 12487 | D:10     | Noticed a death yak
 12632 | D:10     | Noticed a two-headed ogre
 12675 | D:9      | Killed a two-headed ogre
 13185 | D:10     | Found a burning altar of Makhleb.
 13266 | D:11     | Found a staircase to the Orcish Mines.
 13267 | D:11     | Noticed Erica
 13283 | D:11     | Killed Erica
 13284 | D:11     | Reached skill level 12 in Fighting
 13306 | D:11     | Found Juafyj's Weapon Boutique.
 13328 | D:11     | Noticed a five-headed hydra
 13343 | D:11     | Killed a five-headed hydra
 13387 | D:11     | Noticed a manticore
 13402 | D:11     | Killed a manticore
 13461 | D:11     | Noticed Snorg
 13467 | D:11     | Noticed Nergalle
 13474 | D:11     | Killed Nergalle
 13475 | D:11     | Killed Snorg
 13508 | D:11     | Noticed Maurice
 13514 | D:11     | Killed Maurice
 13538 | D:11     | Reached XP level 12. HP: 95/96 MP: 0/0
 13561 | D:11     | Noticed a two-headed ogre
 13570 | D:11     | Killed a two-headed ogre
 13571 | D:11     | Reached skill level 13 in Fighting
 13793 | D:11     | Reached XP level 13. HP: 89/103 MP: 0/0
 13793 | D:11     | Learned a level 5 spell: Alistair's Intoxication
 14207 | Orc:1    | Entered Level 1 of the Orcish Mines
 14810 | Orc:2    | Entered Level 2 of the Orcish Mines
 14866 | Orc:2    | Found a staircase to the Elven Halls.
 15976 | Orc:2    | Reached skill level 5 in Armour
 16181 | Orc:2    | Found Coddyuj's General Store.
 16181 | Orc:2    | Found Ralylaf's Book Boutique.
 16181 | Orc:2    | Found Atukkek's Antique Weapon Shop.
 16297 | Orc:2    | Found Atoikegg's Jewellery Boutique.
 16304 | Orc:2    | Bought the ring of the Mage {Wiz Will++ Int+3} for 568 gold
                  | pieces
 16304 | Orc:2    | Found the ring of the Mage {Wiz Will++ Int+3}
 16309 | Orc:2    | Bought a scroll of acquirement for 832 gold pieces
 16309 | Orc:2    | Acquired the ring of Yrohy {Int+2 Slay+4}
 16674 | Orc:1    | Noticed Urug
 16969 | Orc:2    | Reached skill level 14 in Fighting
 19060 | Orc:2    | Killed Urug
 19786 | D:12     | Reached skill level 1 in Maces & Flails
 20293 | D:12     | Found a flickering gateway to a bazaar.
 20305 | Bazaar   | Entered a bazaar
 20305 | Bazaar   | Found Fouh's Armour Boutique.
 20305 | Bazaar   | Found Dugh's Book Shoppe.
 20305 | Bazaar   | Found Fexeitox's Jewellery Shop.
 20328 | Bazaar   | Found Ommus's Antique Armour Emporium.
 20390 | Bazaar   | Bought a pair of runed gloves for 195 gold pieces
 20416 | Bazaar   | Bought the ring of the Good {Ice rN+} for 362 gold pieces
 20432 | Bazaar   | Bought a +1 cloak of willpower for 231 gold pieces
 20442 | Bazaar   | Bought a +2 helmet for 231 gold pieces
 20518 | D:12     | Reached skill level 1 in Evocations
 20619 | D:12     | Reached XP level 14. HP: 82/112 MP: 0/0
 22719 | D:13     | You are sucked into a shaft and drop 2 floors!
 22719 | D:15     | Entered Level 15 of the Dungeon
 22783 | D:15     | Found Juzufawk's General Store.
 23407 | Lair:1   | Entered Level 1 of the Lair of Beasts
 23412 | Lair:1   | Identified the +3 spear "Koiluzaos" {venom, rPois rCorr
                  | Stlth+}
 23422 | Lair:1   | Reached skill level 15 in Fighting
 23858 | Lair:1   | Noticed Harold
 23866 | Lair:1   | Killed Harold
 25655 | Lair:2   | Reached skill level 5 in Maces & Flails
 27307 | Lair:3   | Found a staircase to the Snake Pit.
 27813 | Lair:3   | Found a basalt altar of Yredelemnul.
 27954 | Lair:3   | Reached XP level 15. HP: 53/120 MP: 0/0
 27954 | Lair:3   | Learned a level 6 spell: Starburst
 28310 | Lair:3   | Found a staircase to the Swamp.
 28619 | Lair:4   | Noticed Kirke
 28644 | Lair:4   | Killed Kirke
 29137 | Lair:4   | Noticed Rupert
 30197 | Lair:4   | Reached skill level 1 in Shields
 30435 | Lair:4   | Killed Rupert
 31395 | Lair:4   | Reached skill level 16 in Fighting
 31648 | Lair:5   | Noticed Sonja
 31837 | Lair:5   | Killed Sonja
 32528 | Lair:6   | Entered Level 6 of the Lair of Beasts
 32851 | Lair:6   | Found a frozen archway.
 32860 | IceCv    | Entered an ice cave
 34133 | IceCv    | Noticed a frost giant
 34148 | IceCv    | Killed a frost giant
 35290 | Lair:6   | Found a viscous altar of Jiyva.
 35290 | Lair:6   | Found a staircase to the Slime Pits.
 35322 | Lair:6   | Reached XP level 16. HP: 68/128 MP: 0/0
 36608 | Lair:6   | Reached skill level 15 in Spellcasting
 37680 | Lair:6   | Found a large runed translucent door.
 37680 | Lair:6   | Found a large runed translucent door.
 39387 | D:13     | Identified the +1 war axe "Uleluf" {vorpal, *Corrode rPois
                  | rN+}
 39408 | D:13     | Noticed a sphinx
 39409 | D:13     | Noticed a tengu reaver
 39416 | D:13     | Killed a tengu reaver
 39423 | D:13     | Killed a sphinx
 40159 | D:13     | Found a gate to the Vaults.
 40496 | D:14     | Noticed Frances
 40505 | D:14     | Killed Frances
 40849 | D:14     | Found a runed translucent door.
 40849 | D:14     | Found a runed translucent door.
 40851 | D:14     | Found the +2 shield of Resistance {rF++ rC++ Will++}
 41513 | D:14     | Reached skill level 10 in Maces & Flails
 41749 | D:14     | Found a stormy altar of Qazlal.
 41972 | D:15     | Reached XP level 17. HP: 60/135 MP: 0/0
 41972 | D:15     | Learned a level 7 spell: Malign Gateway
 42237 | D:15     | Found an ornate altar of the Wu Jian Council.
 42346 | D:15     | Found a staircase to the Depths.
 42595 | D:15     | Reached skill level 5 in Shields
 42755 | D:15     | Bought a potion of curing for 36 gold pieces
 42771 | D:15     | Acquired 951 gold pieces
 44085 | Swamp:1  | Entered Level 1 of the Swamp
 45316 | Swamp:2  | Noticed Jorgrun
 45320 | Swamp:2  | Killed Jorgrun
 46510 | Swamp:2  | Identified the +2 pair of boots of Iqozaostru {rN++ Int+4
                  | Stlth-}
 47126 | Swamp:3  | Noticed Nikola
 47136 | Swamp:3  | Killed Nikola
 47137 | Swamp:3  | Reached skill level 10 in Shields
 49562 | Swamp:4  | Entered Level 4 of the Swamp
 49873 | Swamp:4  | Reached XP level 18. HP: 43/141 MP: 0/0
 51390 | Swamp:4  | Reached skill level 17 in Fighting
 51957 | Swamp:4  | Noticed the 27-headed Lernaean hydra
 51963 | Swamp:4  | Killed the 27-headed Lernaean hydra
 52555 | Swamp:4  | Got a decaying rune of Zot
 52940 | Snake:1  | Entered Level 1 of the Snake Pit
 53909 | Snake:1  | Noticed Louise
 53915 | Snake:1  | Killed Louise
 54623 | Snake:2  | Found Rulil's Antique Armour Shop.
 54639 | Snake:2  | Bought a runed scarf for 248 gold pieces
 55015 | Snake:2  | HP: 3/142 [naga warrior/+0 halberd (16)]
 55015 | Snake:2  | Slain by a naga warrior

Illustrated notes

Levels and vault maps discovered:
D:1:      ncdulo_wetmaze, layout_loops_ring, minmay_tromino_mix6
D:2:      layout_loops_ring, basic_ecumenical_altar
D:3:      layout_loops_corners
D:4:      layout_gridville, serial_shops, shop
D:5:      layout_basic, uniq_crazy_yiuf_cottage
D:6:      cheibrodos_iron_armory, layout_loops_corners, lemuel_tele_altar,
          nemelex_diamond_rough_becter
D:7:      layout_basic, minmay_temple_entry_butterflies, minmay_misc_feat_alley,
          uniq_pikel, uniq_menkaure
D:8:      layout_cave_pods, old_standard_altar, ebering_ghost_reflecting_pool,
          due_unseen_surprise
D:9:      layout_long_grid, uniq_maggie
D:10:     layout_big_octagon, grunt_temple_overflow_diamond, dpeg_lair_monsters
D:11:     layout_basic, orc_david_3, uniq_nergalle, uniq_maurice, uniq_snorg,
          uniq_erica
D:12:     layout_layer_cave, special_room [special_room_bee], serial_shops,
          bzr_firewalk
D:13:     minmay_tile_spiral, layout_loops_ring, david_vaults_4,
          kennysheep_boxes
D:14:     layout_stronghold, nicolae_qazlal_eye_of_the_storm,
          minmay_guarded_unrand_resistance, uniq_frances
D:15:     hangedman_depths_entry_civil_slaughter, layout_stronghold,
          pdpol_wu_jian_five_deadly_venoms, serial_shops,
          nicolae_shop_waterfront
Temple:   eino_temple_rhombus
Lair:1:   layout_long_grid, serial_forest, infiniplex_forest_clump_small,
          infiniplex_forest_join, infiniplex_forest_fountain,
          infiniplex_forest_clump_curved, infiniplex_forest_lined_3,
          infiniplex_forest_end_1, infiniplex_forest_lined_3,
          infiniplex_forest_clump_long, lemuel_fruit_fields, uniq_harold
Lair:2:   layout_regular_city, minmay_stone_trees_small, minivault_11,
          lemuel_fruit_tree, serial_bayou_shore_b, serial_bayou_shore_b
Lair:3:   layout_chaotic_city, palyth_hydra_swamp_entry,
          guppyfry_snake_entry_island, basic_altar
Lair:4:   layout_cave_pods, kennysheep_basilisk_garden, grunt_megastairs_2,
          lemuel_fruit_fields, uniq_kirke, uniq_rupert
Lair:5:   layout_regular_city, uniq_sonja
Lair:6:   cheibrodos_lair_end_hotspot, layout_gridlike,
          dpeg_slime_entry_enclosed_altar, portal_ice_cave_entry_pillars_1
Swamp:1:  layout_basic_swamp, hangedman_swamp_cone, hangedman_swamp_wriggling
Swamp:2:  layout_basic_swamp, infiniplex_staircase_pool, swamp_pool3,
          uniq_jorgrun
Swamp:3:  layout_falls_marsh, nicolae_swamp_rocky_clearing, uniq_nikola
Swamp:4:  swamp_old_school, layout_basic_swamp
Snake:1:  layout_basic, uniq_louise
Snake:2:  layout_layer_cave, serial_shops, nicolae_shop_waterfront
Orc:1:    layout_diamond_mine, rock_pile, uniq_urug
Orc:2:    st_orc_mages, layout_caves, guppyfry_library_mini

Skill      XL: |  1  2  3  4  5  6  7  8  9 10 11 12 13 14 15 16 17 18 |
---------------+-------------------------------------------------------+-----
Spellcasting   | 4 5 6 8 9 10 11 12 13 14 15 16 | 16.0
Fighting       | 1 2 3 4 5 8 9 11 12 13 14 15 16 17 | 17.1
Armour         | 4 5 |  5.0
Dodging        | 7 8 9 |  9.7
Maces & Flails | 1 5 7 10 11 | 11.3
Evocations     | 1 2 |  2.0
Shields        | 4 11 12 | 12.4
Stealth        | |  1.5

Action                   |  1- 3 |  4- 6 |  7- 9 | 10-12 | 13-15 | 16-18 || total
-------------------------+-------+-------+-------+-------+-------+-------++-------
Melee: Unarmed           |    24 |     4 |       |    20 |       |       ||    48
       Whip              |       |    65 |       |       |       |       ||    65
       Dagger            |       |    67 |   121 |   133 |       |       ||   321
       War axe           |       |       |       |     4 |       |       ||     4
       Mace              |       |       |       |    68 |    73 |       ||   141
       Eveningstar       |       |       |       |       |   529 |   447 ||   976
 Cast: Freeze            |    46 |    42 |    17 |    22 |    17 |     7 ||   151
       Frozen Ramparts   |     3 |    13 |    23 |    37 |    68 |    28 ||   172
       Ozocubu's Armour  |       |     1 |     6 |     1 |       |       ||     8
       Hailstorm         |       |       |    12 |    15 |   176 |    82 ||   285
       Mephitic Cloud    |       |       |     1 |     2 |     2 |     2 ||     7
       Metabolic Englaci |       |       |     1 |     3 |     3 |     2 ||     9
       Poisonous Vapours |       |       |       |    24 |    56 |    24 ||   104
       Cause Fear        |       |       |       |     6 |    14 |       ||    20
       Leda's Liquefacti |       |       |       |     1 |       |     1 ||     2
       Alistair's Intoxi |       |       |       |       |     8 |     2 ||    10
       Starburst         |       |       |       |       |    22 |   200 ||   222
       Malign Gateway    |       |       |       |       |       |     6 ||     6
Invok: Potion Petition   |       |       |       |       |     1 |     1 ||     2
Evoke: Wand              |       |       |     3 |    11 |    27 |       ||    41
       Phantom mirror    |       |       |       |       |     1 |     3 ||     4
  Use: Potion            |       |     3 |     2 |     7 |     7 |     4 ||    23
       Scroll            |       |       |       |     6 |    28 |     7 ||    41
 Stab: Sleeping          |       |     6 |     1 |       |       |       ||     7
       Distracted        |       |       |       |       |     1 |     2 ||     3
       Paralysed         |       |       |       |       |     5 |       ||     5
Armor: Robe              |    28 |    37 |    38 |    42 |       |       ||   145
       Skin              |       |       |       |    42 |       |       ||    42
       Acid dragon scale |       |       |       |   101 |   291 |   212 ||   604
Dodge: Dodged            |    52 |   123 |   151 |   212 |   907 |   510 ||  1955
       Repelled          |       |       |       |     2 |    12 |    23 ||    37
Block: Buckler           |       |       |       |       |    46 |    41 ||    87
       Kite shield       |       |       |       |       |       |   302 ||   302

Table legend: (Time is in decaauts)
 A = Elapsed time spent in this place.
 B = Non-inter-level travel time spent in this place.
 C = Inter-level travel time spent in this place.
 D = Time resting spent in this place.
 E = Time spent auto-exploring this place.
 F = Levels seen in this place.
 G = Mean time per level.
                   A        B        C        D        E       F      G
               +--------+--------+--------+--------+--------+-----+--------+
         Total |  55292 |  53423 |   1869 |  15437 |  30369 |  32 | 1727.9 |
       Dungeon |  23352 |  22398 |    954 |   4969 |  13967 |  15 | 1556.8 |
        Temple |    253 |    218 |     35 |      0 |    215 |   1 |  253.0 |
          Lair |  13390 |  12909 |    481 |   2258 |   8936 |   6 | 2231.7 |
         Swamp |   8800 |   8684 |    116 |   4699 |   3102 |   4 | 2200.0 |
     Snake Pit |   2076 |   2045 |     31 |    141 |   1551 |   2 | 1038.0 |
  Orcish Mines |   5581 |   5332 |    249 |   2623 |   1840 |   2 | 2790.5 |
        Bazaar |    156 |    156 |      0 |      0 |     72 |   1 |  156.0 |
      Ice Cave |   1681 |   1681 |      0 |    746 |    686 |   1 | 1681.0 |
               +--------+--------+--------+--------+--------+-----+--------+

Top non-repeatable levels by time:
  Lair:6: 3608 daAuts
  Lair:4: 3172 daAuts
   Orc:1: 2958 daAuts
    D:13: 2625 daAuts
   Orc:2: 2623 daAuts
    D:12: 2606 daAuts
 Swamp:3: 2462 daAuts
 Swamp:2: 2405 daAuts
 Swamp:1: 2112 daAuts
  Lair:2: 2043 daAuts
    D:15: 2030 daAuts
     D:1: 1969 daAuts
  Lair:3: 1933 daAuts
     D:8: 1919 daAuts
 Swamp:4: 1820 daAuts
